 Dungeon Crawl Stone Soup version 0.30.1-11-g7821555f0a (webtiles) character file.

Game seed: 16304599221977643690

519 MisterKurot the Chopper (level 7, -7/71 HPs)
             Began as an Ogre Gladiator on Oct 29, 2023.
             Was an Initiate of Ru.
             Shot with an arrow by a centaur (13 damage)
             ... on level 6 of the Dungeon.
             The game lasted 00:05:03 (1848 turns).

MisterKurot the Chopper (Ogre Gladiator)            Turns: 1848, Time: 00:05:23

Health: -7/71      AC:  3    Str: 19    XL:     7   Next: 21%
Magic:  7/7        EV: 10    Int: 11    God:    Ru [......]
Gold:   78         SH:  0    Dex: 10    Spells: 6/6 levels left

rFire   . . .        a - +0 war axe
rCold   . . .        (no shield)
rNeg    . . .        b - +0 robe
rPois   .            c - +0 hat
rElec   .            (no cloak)
rCorr   .            (gloves unavailable)
SInv    .            (boots unavailable)
Will    .....        (no amulet)
Stlth   ++           (no ring)
HPRegen 0.31/turn    (no ring)
MPRegen 0.10/turn

%: no passive effects
@: mighty, attractive
A: large, unfitting armour, tough skin 1
a: Renounce Religion


You were on level 6 of the Dungeon.
You worshipped Ru.
Ru was noncommittal.
You visited 2 branches of the dungeon, and saw 7 of its levels.

You collected 78 gold pieces.

Inventory:

Hand Weapons
 a - a +0 war axe (weapon)
Armour
 b - a +0 robe (worn)
 c - a +0 hat (worn)
 g - a +0 ring mail
Jewellery
 q - an amulet of magic regeneration
Scrolls
 i - a scroll of fog {unknown}
 j - a scroll of amnesia
 l - 3 scrolls of noise
 m - a scroll of teleportation {unknown}
 p - a scroll of identify {unknown}
 s - a scroll of blinking {unknown}
 t - a scroll of poison {unknown}
Potions
 h - a potion of invisibility {unknown}
 n - a potion of degeneration {unknown}
 o - a potion of ambrosia {unknown}


   Skills:
 * Level 4.4 Fighting
 * Level 5.8 Axes
 * Level 3.0 Throwing
 * Level 1.5 Armour
 * Level 3.5 Dodging
 * Level 1.4 Stealth


You had 6 spell levels left.
You didn't know any spells.
Your spell library was empty.

Dungeon Overview and Level Annotations

Branches:
Dungeon (6/15)             Temple (1/1) D:6

Altars:
Ashenzari
Cheibriados
Dithmenos
Fedhas
Gozag
Hepliaklqana
Makhleb
Nemelex Xobeh
Okawaru
Qazlal
Ru
Sif Muna
Trog
Uskayaw
Vehumet
Wu Jian
Xom
Yredelemnul
Zin
The Shining One


Innate Abilities, Weirdness & Mutations

You are too large for most types of armour.
You have tough skin. (AC +1)


Message History

Throw: 3 javelins
Press: ? - help, Q - select action, (/) - cycle Shift-Dir - straight line, f/p - centaur
Aim: a centaur, wielding a +0 shortbow (70% to hit)
You throw a javelin.
The javelin pierces through the centaur!
The centaur is moderately wounded.
The centaur shoots an arrow.
The arrow hits you!
The centaur shoots an arrow.
The arrow hits you.
The centaur shoots an arrow.
The arrow hits you!
Throw: 2 javelins
Press: ? - help, Q - select action, (/) - cycle Shift-Dir - straight line, f/p - centaur
Aim: a centaur, wielding a +0 shortbow (moderately wounded, 70% to hit)
You throw a javelin.
The javelin pierces through the centaur.
The centaur is severely wounded.
The centaur shoots an arrow.
The arrow closely misses you.
The centaur shoots an arrow.
The arrow hits you.
Throw: javelin
Press: ? - help, Q - select action, (/) - cycle Shift-Dir - straight line, f/p - centaur
Aim: a centaur, wielding a +0 shortbow (severely wounded, 70% to hit)
You throw a javelin. The javelin barely misses the centaur.
The centaur shoots an arrow.
The arrow hits you!
The centaur shoots an arrow.
The arrow closely misses you.
The centaur shoots an arrow.
The arrow barely misses you.
The centaur shoots an arrow.
The arrow hits you!
The centaur shoots an arrow.
The arrow hits you!
* * * LOW HITPOINT WARNING * * *
It was a potion of might.
You feel very mighty all of a sudden.
It was a potion of attraction.
You feel attractive to monsters.
The centaur shoots an arrow.
The arrow hits you!
* * * LOW HITPOINT WARNING * * *
The centaur is attracted toward you.
Throw: throwing net
Press: ? - help, Q - select action Shift-Dir - straight line, f/p - centaur
Aim: a centaur, wielding a +0 shortbow (severely wounded, 70% to hit)
You throw a throwing net.
The throwing net barely misses the centaur.
The centaur shoots an arrow.
The arrow hits you!
You die...

.... #.# #... #.# #... #.#
#... #.# #... #.# #... #.#
#... #####.# ###.#
..##.#####@....########....
.....ยง..c..###.......##.###
(###.####### #.###......# #
#.# #.#.#..###
#.##...###....
#.##..#.#...#)
#.##..#..##.#.
#.............
####.####.....


You could see a centaur.

Vanquished Creatures
  Grinder (D:3)
  A scorpion (D:5)
  2 hounds (D:6)
  3 orc priests
  An orc wizard (D:5)
  Terence (D:2)
  A mummy (D:3)
  An adder (D:3)
  A white imp (D:6)
  3 orcs
  3 ball pythons
  An endoplasm (D:1)
  5 goblins
  4 hobgoblins
  6 jackals
  3 quokkas
  A bat (D:1)
  A kobold (D:3)
  3 rats
42 creatures vanquished.

Notes
Turn   | Place    | Note
-------+----------+-------------------------------------------
     0 | D:1      | MisterKurot the Ogre Gladiator began the quest for the Orb.
     0 | D:1      | Reached XP level 1. HP: 22/22 MP: 1/1
    83 | D:1      | Reached XP level 2. HP: 15/29 MP: 2/2
   241 | D:2      | Noticed Terence
   257 | D:2      | Killed Terence
   258 | D:2      | Reached XP level 3. HP: 24/37 MP: 3/3
   817 | D:3      | Found a snail-covered altar of Cheibriados.
   824 | D:3      | Noticed Grinder
   825 | D:3      | Reached XP level 4. HP: 23/45 MP: 4/4
   830 | D:3      | Paralysed by Grinder for 5 turns
   842 | D:3      | Killed Grinder
   843 | D:3      | Reached skill level 5 in Axes
   843 | D:3      | Reached skill level 1 in Armour
   843 | D:3      | Reached skill level 1 in Stealth
   843 | D:3      | Reached XP level 5. HP: 7/54 MP: 5/5
   843 | D:3      | Reached XP level 6. HP: 8/62 MP: 6/6
  1124 | D:5      | Entered Level 5 of the Dungeon
  1337 | D:6      | Reached XP level 7. HP: 58/70 MP: 7/7
  1371 | D:6      | Found a staircase to the Ecumenical Temple.
  1397 | Temple   | Entered the Ecumenical Temple
  1638 | Temple   | Became a worshipper of Ru the Awakened
  1848 | D:6      | Shot with an arrow by a centaur

Illustrated notes

Levels and vault maps discovered:
D:1:      nzn_arrival_depleted_hourglass, layout_basic
D:2:      layout_loops_ring, basic_altar, grunt_decor_fettered,
          minmay_misc_feat_hallway, uniq_terence
D:3:      layout_rooms, slow_altar_1, uniq_grinder
D:4:      layout_loops_corners, gammafunk_ghost_nasty_kobolds, minivault_27,
          goddamned_bats, uniq_crazy_yiuf_cottage
D:5:      layout_loops_cross, nicolae_shop_unique_rings, minmay_misc_feat_plants
D:6:      layout_loops_cross, kiku_gazebo_garden_becter,
          minmay_temple_entry_proselytizer
Temple:   hellmonk_temple_of_storms

Skill      XL: |  1  2  3  4  5  6  7 |
---------------+----------------------+-----
Fighting       | 3 4 |  4.4
Dodging        | 3 |  3.5
Axes           | 5 |  5.8
Armour         | 1 |  1.5
Stealth        | 1 |  1.4
Throwing       | 3 |  3.0

Action                     |  1- 3 |  4- 6 |  7- 9 || total
---------------------------+-------+-------+-------++-------
  Melee: War axe           |    74 |    39 |    21 ||   134
         Punch             |     1 |       |       ||     1
  Throw: Throwing net      |     2 |     2 |     1 ||     5
         Large rock        |       |     1 |     1 ||     2
         Javelin           |       |       |     3 ||     3
    Use: Scroll            |     1 |     1 |       ||     2
         Potion            |       |       |     2 ||     2
   Stab: Sleeping          |     1 |       |       ||     1
 Armour: Robe              |    27 |    12 |     3 ||    42
  Dodge: Dodged            |    53 |    23 |    22 ||    98
